 Dungeon Sprint DCSS version 0.30-a0-920-g7493c07aab (webtiles) character file.

Game seed: 3140695637381730641

931 dialectric the Fighter (level 8, 0/60 HPs)
             Began as a Gargoyle Fighter on Mar 21, 2023.
             Was an Initiate of Trog.
             Shot with a bolt by a yaktaur (26 damage)
             ... in the Dungeon (Sprint II: "The Violet Keep of Menkaure").
             The game lasted 00:01:15 (326 turns).

dialectric the Fighter (Gargoyle Fighter)            Turns: 326, Time: 00:01:16

Health: 0/60       AC: 15    Str: 19      XL:     8   Next: 11%
Magic:  7/7        EV: 11    Int:  8      God:    Trog [......]
Gold:   486        SH:  0    Dex: 10 (11) Spells: 7/7 levels left

rFire   x . .      SeeInvis .    a - +0 long sword
rCold   . . .      Faith    .    (no shield)
rNeg    + . .      Spirit   .    b - +0 scale mail
rPois   ∞          Reflect  .    (helmet restricted)
rElec   +          Rampage  .    (no cloak)
rCorr   .          NoTele   +    (no gloves)
Will    .....                    (no boots) Stlth
                                 (no amulet)
HPRegen 0.30/turn                (no ring)
MPRegen 0.10/turn                (no ring)

@: hasted, unable to drink, quick
A: sickness immunity, AC +5, negative energy resistance 1, electricity
resistance, torment resistance 1, petrification resistance, beak, deterioration
1, low MP 1, shaggy fur 1, weak 1, heat vulnerability 1, inability to drink
after injury 1, sturdy frame 1
a: Renounce Religion


You were in the Dungeon.
You worshipped Trog.
Trog was noncommittal.
You visited 1 branch You collected 486 gold pieces.

Inventory:

Hand Weapons
 a - a +0 long sword (weapon)
Armour
 b - a +0 scale mail (worn)
Scrolls
 j - a scroll of blinking
Potions
 f - a potion of heal wounds
 h - 2 potions of magic


   Skills:
 + Level 11.6 Fighting
 + Level 8.8 Long Blades
 + Level 11.0 Armour
 * Level 3.1 Dodging
 - Level 3.2 Shields


You had 7 spell levels left.
You didn't know any spells.
Your spell library was empty.

Dungeon Overview and Level Annotations

Branches:
Dungeon (1/1)

Altars:
Cheibriados
Dithmenos
Elyvilon
Fedhas
Gozag
Hepliaklqana
Kikubaaqudgha
Makhleb
Nemelex Xobeh
Okawaru
Qazlal
Ru
Sif Muna
Trog
Uskayaw
Vehumet
Wu Jian
Xom
Yredelemnul
Zin
The Shining One
Jiyva
Lugonu

Annotations:
D exclusion: orange crystal statue


Innate Abilities, Weirdness & Mutations

You are immune to sickness and miasma.
Your stone body is resilient. (AC +5)
You are immune to poison.
You resist negative energy. (rN+)
You are resistant to electric shocks. (rElec)
You are resistant to unholy torment.
You are immune to petrification.
You have a beak for a mouth.
Your body sometimes deteriorates upon taking damage.
Your magical capacity is low. (-10% MP)
You are covered in fur. (AC +1)
You are weak. (Str -2)
You are vulnerable to heat. (rF-)
You occasionally lose the ability to drink potions when taking damage.
Your movements are slightly less encumbered by armour. (ER -2)


Message History

A yaktaur comes into view.
Found ten items.
Found a roughly hewn altar of Beogh.
A polar bear comes into view.
Found four items.
Found a clear potion and 11 gold pieces.
The water moccasin hisses angrily.
Found 22 gold pieces.
There is a bloodstained altar of Trog here.
You kneel at the altar of Trog.
Trog welcomes you!
Unknown command.
Press < or > to pray at altars.
Found a robe and 13 gold pieces.
Found a scroll labelled IGIM FACLIR, a robe and 14 gold pieces.
The polar bear barely misses you.
The polar bear claws you but does no damage.
The polar bear claws you.
The polar bear bites you but does no damage.
The polar bear claws you but does no damage.
The polar bear claws you.
You feel yourself speed up. The polar bear bites you!
The polar bear misses you.
The polar bear claws you but does no damage.
The polar bear bites you!
The polar bear claws you but does no damage.
The polar bear completely misses you. The polar bear bites you!
Your body deteriorates!
You feel clumsy.
The polar bear claws you but does no damage.
The polar bear closely misses you. x4
The polar bear bites you but does no damage.
The polar bear claws you. The polar bear barely misses you.
There is an open door here.
Really walk into a travel-excluded area?
You enter the shallow water.
Moving in this stuff is going to be slow.
The yaktaur wields a +0 arbalest.
The yaktaur shoots a bolt.
The bolt hits you!!
You feel threatened and lose the ability to drink potions!
You die...

##'##..# #.#.##.#### .###
..#..# ...# ...# #...####..##
#..# .#▓?=(?[$ ##†###.##..#
+..# .#▓$!(|?[$ ##.##.###..#
#..# y#▓!!$[[$$
'.<.†##.'..####..##c#▓!(?=?!$
##.##...#....###...##▓▓▓▓▓▓▓+
#+###.##......~@h~~~~~~~~~~.
###~~.....~#'########+##
#~~~~~~~..~#_h_._...#S§~
#~§~~~~§~.~#.h._._._#S§§
#~~~§§≈§§~§~#_._._._.#~~§
~~~~~~≈≈§≈§~§#._._._._#~§~
+++#~≈≈≈≈≈§§~#.._._._.#~§~
##≈≈≈###≈≈#..._._._#§§~
#≈≈#...._._.#~~§


You could see 3 polar bears and a yaktaur.

Vanquished Creatures
  4 neqoxecs (D)
  Menkaure (D)
  A water moccasin (D)
  4 necrophages (D)
  3 worms (D)
13 creatures vanquished.

Notes
Turn   | Place    | Note
-------+----------+-------------------------------------------
     0 | D        | dialectric the Gargoyle Fighter began the quest for the
                  | Orb.
     0 | D        | Reached XP level 1. HP: 14/14 MP: 1/1
     7 | D        | Noticed a neqoxec
    10 | D        | Noticed a neqoxec
    15 | D        | Gained mutation: You have a beak for a mouth. [a neqoxec]
    17 | D        | Gained mutation: You are vulnerable to heat. (rF-) [a
                  | neqoxec]
    18 | D        | Gained mutation: Your natural rate of healing is unusually
                  | fast. [a neqoxec]
    18 | D        | Gained mutation: Your body sometimes deteriorates upon
                  | taking damage. [a neqoxec]
    19 | D        | Killed a neqoxec
    20 | D        | Reached XP level 2. HP: 15/24 MP: 2/2
    20 | D        | Reached XP level 3. HP: 18/28 MP: 3/3
    20 | D        | Reached XP level 4. HP: 22/34 MP: 4/4
    20 | D        | Reached XP level 5. HP: 24/38 MP: 5/5
    27 | D        | Killed a neqoxec
    28 | D        | Reached skill level 5 in Long Blades
    28 | D        | Reached skill level 1 in Dodging
    28 | D        | Reached XP level 6. HP: 38/46 MP: 6/6
    38 | D        | Reached skill level 10 in Fighting
    41 | D        | Reached skill level 10 in Armour
    41 | D        | Reached XP level 7. HP: 50/53 MP: 7/7
    49 | D        | Noticed an orange crystal statue
    51 | D        | Noticed Menkaure
    63 | D        | Killed Menkaure
    85 | D        | Noticed a neqoxec
    88 | D        | Noticed a neqoxec
    89 | D        | Gained mutation: You occasionally lose the ability to drink
                  | potions when taking damage. [a neqoxec]
    91 | D        | Gained mutation: You are weak. (Str -2) [a neqoxec]
    93 | D        | Gained mutation: You are covered in fur. (AC +1) [a
                  | neqoxec]
   102 | D        | Lost mutation: Your natural rate of healing is unusually
                  | fast. [a neqoxec]
   104 | D        | Gained mutation: Your movements are slightly less
                  | encumbered by armour. (ER -2) [a neqoxec]
   109 | D        | Killed a neqoxec
   116 | D        | Gained mutation: Your magical capacity is low. (-10% MP) [a
                  | neqoxec]
   126 | D        | Killed a neqoxec
   127 | D        | Reached XP level 8. HP: 4/60 MP: 7/7
   306 | D        | Found an iron altar of Okawaru.
   306 | D        | Found an opulent altar of Gozag.
   307 | D        | Found a sparkling altar of Nemelex Xobeh.
   307 | D        | Found a blossoming altar of Fedhas.
   308 | D        | Found a radiant altar of Vehumet.
   308 | D        | Found a burning altar of Makhleb.
   308 | D        | Found a white marble altar of Elyvilon.
   309 | D        | Found a hide-covered altar of Uskayaw.
   309 | D        | Found a corrupted altar of Lugonu.
   309 | D        | Found a shadowy altar of Dithmenos.
   310 | D        | Found a glowing silver altar of Zin.
   310 | D        | Found a bloodstained altar of Trog.
   310 | D        | Found an ancient bone altar of Kikubaaqudgha.
   311 | D        | Found a basalt altar of Yredelemnul.
   311 | D        | Found a shimmering blue altar of Sif Muna.
   311 | D        | Found a viscous altar of Jiyva.
   312 | D        | Found a shimmering altar of Xom.
   312 | D        | Found a sacrificial altar of Ru.
   314 | D        | Found a glowing golden altar of the Shining One.
   314 | D        | Found an ornate altar of the Wu Jian Council.
   314 | D        | Found a stormy altar of Qazlal.
   314 | D        | Found a snail-covered altar of Cheibriados.
   314 | D        | Found a hazy altar of Hepliaklqana.
   314 | D        | Noticed a hornet
   314 | D        | Noticed a polar bear
   314 | D        | Noticed a polar bear
   315 | D        | Noticed a yaktaur
   315 | D        | Noticed a polar bear
   319 | D        | Became a worshipper of Trog the Wrathful
   326 | D        | Shot with a bolt by a yaktaur

Illustrated notes

Levels and vault maps discovered:
D:        the_violet_keep_of_menkaure [sprint2_stairs_cluster_1,
          sprint2_shoproom, sprint2_temple, sprint2_basic_supplies,
          sprint2_obstacle_7, sprint2_obstacle_6, sprint2_obstacle_4,
          sprint2_obstacle_5, sprint2_obstacle_3, sprint2_timed_cluster_1,
          sprint2_smallroom_cluster_1, sprint2_smallroom_final_cluster_1,
          sprint2_transparent_cluster_1, sprint2_second_timed_cluster_1,
          sprint2_sniper_area_1, sprint2_heavy_combat_area_1,
          sprint2_mutation_trap_area_1, sprint2_forest_area_1,
          sprint2_light_combat_area_1, sprint2_behind_water_1,
          sprint2_near_end_vault_1]

Skill      XL: |  1  2  3  4  5  6  7 |
---------------+----------------------+-----
Fighting       | 7 9 10 11 | 11.6
Long Blades    | 4 5 6 8 |  8.8
Armour         | 7 9 10 11 | 11.0
Dodging        | 1 3 |  3.1
Shields        | |  3.2

Action                     |  1- 3 |  4- 6 |  7- 9 || total
---------------------------+-------+-------+-------++-------
  Melee: Long sword        |    11 |    18 |    58 ||    87
         Peck              |     1 |     5 |    12 ||    18
         Punch             |       |       |     1 ||     1
    Use: Potion            |     1 |       |     3 ||     4
 Armour: Scale mail        |     1 |     7 |    25 ||    33
  Dodge: Dodged            |     5 |     4 |    34 ||    43

Table legend: (Time is in decaauts)
 A = Elapsed time spent in this place.
 B = Non-inter-level travel time spent in this place.
 C = Inter-level travel time spent in this place.
 D = Time resting spent in this place.
 E = Time spent auto-exploring this place.
 F = Levels seen in this place.
 G = Mean time per level.
                   A        B        C        D        E       F      G
               +--------+--------+--------+--------+--------+-----+--------+
         Total |    342 |    342 |      0 |    176 |      0 |   1 |  342.0 |
       Dungeon |    342 |    342 |      0 |    176 |      0 |   1 |  342.0 |
               +--------+--------+--------+--------+--------+-----+--------+

Top non-repeatable levels by time:
       D: 342 daAuts
